 Dungeon Crawl Stone Soup version 0.26-a0-712-ga5a9c9c9d0 (webtiles) character file.

Game seed: 3255011163540439421

19 kae the Ruffian (level 2, 0/25 HPs)
             Began as a Naga Transmuter on Nov 3, 2020.
             Slain by a hobgoblin (4 damage)
             ... on level 2 of the Dungeon.
             The game lasted 00:01:10 (1706 turns).

kae the Ruffian (Naga Transmuter)                   Turns: 1706, Time: 00:01:11

Health: 0/25       AC:  1    Str: 12    XL:     2   Next: 75%
Magic:  5/5        EV: 10    Int: 13    God:
Gold:   59         SH:  0    Dex: 11    Spells: 4/5 levels left

rFire    . . .     SeeInvis +     - Unarmed
rCold    . . .     Faith    .   (no shield)
rNeg     . . .     Spirit   .   a - +0 robe
rPois    +         Reflect  .   (helmet currently unavailable)
rElec    .         Harm     .   (no cloak)
rCorr    .         Rampage  .   (no gloves)
MR       .....                  (no barding)
Stlth    +.........             (no amulet)
HPRegen  0.08/turn              (no ring)
MPRegen  0.09/turn              (no ring)

@: appendages (expiring), very slow
A: large, horns 2, see invisible, deformed body, poison resistance, slowness 2,
spit poison 1, AC +0
a: Spit Poison, End Transformation


You were on level 2 of the Dungeon.
You had grown temporary horns.
You visited 1 branch of the dungeon, and saw 2 of its levels.

You collected 59 gold pieces.

Inventory:

Armour
 a - a +0 robe (worn)
 c - a +0 helmet of see invisible (melded)
Jewellery
 d - an uncursed amulet of guardian spirit {unknown}


   Skills:
 - Level 1.0 Fighting
 - Level 1.5 Dodging
 + Level 3.3 Unarmed Combat
 - Level 2.0 Spellcasting
 * Level 2.8 Transmutations


You had 4 spell levels left.
You knew the following spells:

 Your Spells              Type           Power        Failure   Level
a - Beastly Appendage     Tmut           #.....       8%          1

Your spell library contained the following spells:

 Spells                   Type           Power        Failure   Level
 Wereblood                Tmut           #.......     12%         2
 Spider Form              Tmut/Pois      #.........   38%         3
 Ice Form                 Ice/Tmut       #.......     80%         4
 Blade Hands              Tmut           #.........   91%         5


Dungeon Overview and Level Annotations

Branches:
Dungeon (2/15)

Altars:


Innate Abilities, Weirdness & Mutations

You cannot wear boots.
Your serpentine skin is tough. (AC +0)
You have supernaturally acute eyesight. (SInv)
Armour fits poorly on your strangely shaped body.
Your system is resistant to poisons. (rPois)
You cover ground very slowly.
You can spit poison.
You have a pair of horns on your head.


Message History

The hobgoblin is heavily wounded.
You have got your breath back.
The hobgoblin hits you with a +0 club.
You barely miss the hobgoblin. You headbutt the hobgoblin.
You kill the hobgoblin!
The hobgoblin hits you.
You are too injured to fight recklessly!
You are too injured to fight recklessly!
You are too injured to fight recklessly!
You are too injured to fight recklessly!
The hobgoblin hits you. x2
Your transformation is almost over.
The hobgoblin hits you. The hobgoblin barely misses you.
A rat comes into view.
The hobgoblin hits you but does no damage.
The hobgoblin hits you.
* * * LOW HITPOINT WARNING * * *
The hobgoblin hits you.
You die...

. .##+######## ...
........)..###....
.........@........
.........g........
.##+#....#........
...[#####.......r
.... #........
.... .^...!...
#... ......... #..
.........
..........


You could see a hobgoblin.

Vanquished Creatures
  A dart slug (D:1)
  2 leopard geckos (D:1)
  A giant cockroach (D:1)
  2 goblins (D:1)
  3 hobgoblins
  2 kobolds (D:1)
  3 rats (D:1)
14 creatures vanquished.

Notes
Turn   | Place    | Note
-------+----------+-------------------------------------------
     0 | D:1      | kae the Naga Transmuter began the quest for the Orb.
     0 | D:1      | Reached XP level 1. HP: 18/18 MP: 3/3
   706 | D:1      | Reached XP level 2. HP: 16/25 MP: 3/5
  1706 | D:2      | Slain by a hobgoblin

Illustrated notes

Levels and vault maps discovered:
D:1:      nagdon_arrival_zigzag_paths, layout_basic, serial_rivers,
          chequers_serial_rivers_small_b, chequers_serial_rivers_micro_b,
          chequers_serial_rivers_small_a, chequers_serial_rivers_micro_a,
          chequers_serial_rivers_large_a
D:2:      layout_basic, gammafunk_temple_overflow_wave, serial_curves,
          eino_curves_02, eino_curves_03

Action                   || total
-------------------------++-------
Melee: Unarmed           ||    36
       Headbutt          ||     4
 Cast: Beastly Appendage ||    10
 Abil: Spit Poison       ||     4
  Use: Scroll            ||     1
Armor: Robe              ||     5
Dodge: Dodged            ||    24

Table legend: (Time is in decaauts)
 A = Elapsed time spent in this place.
 B = Non-inter-level travel time spent in this place.
 C = Inter-level travel time spent in this place.
 D = Time resting spent in this place.
 E = Time spent auto-exploring this place.
 F = Levels seen in this place.
 G = Mean time per level.
                   A        B        C        D        E       F      G
               +--------+--------+--------+--------+--------+-----+--------+
         Total |   2101 |   2031 |     70 |      0 |   1892 |   2 | 1050.5 |
       Dungeon |   2101 |   2031 |     70 |      0 |   1892 |   2 | 1050.5 |
               +--------+--------+--------+--------+--------+-----+--------+

Top non-repeatable levels by time:
     D:1: 2083 daAuts
     D:2: 17 daAuts
